details: 'none can withstand'

« prev index next »

General information

Mini Map

Players

team 1
Random» UndeadRogueOne (orange | 28 APM | 19 actions | 00:40)

» actions
Build / train2
Enter build submenu2
Right click6
Select / deselect7
Use ability2
19 total
» units
Acolyte2
2 total
» buildings
Crypt1
Ziggurat1
2 total
» build order
00:23 Crypt
00:32 Ziggurat
Orcollo7 (teal | 22 APM | 13 actions | 00:35)

» actions
Basic commands1
Build / train2
Enter build submenu2
Right click2
Select / deselect4
Use ability2
13 total
» units
Peon2
2 total
» buildings
Altar of Storms1
Orc Burrow1
2 total
» build order
00:07 Altar of Storms
00:13 Orc Burrow
Random» petq (yellow | 25 APM | 18 actions | 00:43)

» actions
Right click14
Select / deselect3
Use ability1
18 total
Random» Humanss-hitl3r (purple | 24 APM | 437 actions | 17:57)
Hero icon 1 Mountain King
Ability icon 1 Storm Bolt

» actions
Assign group hotkey1
Basic commands1
Build / train76
ESC pressed8
Enter build submenu21
Enter hero's abilities submenu1
Right click91
Select / deselect156
Use ability82
437 total
» units
Peasant23
Peon14
Ghoul11
Wisp5
Demolisher6
59 total
» upgrades
Masonry1
Spiked Barricades3
Armor2
Ranged Weapons1
Burning Oil1
Reinforced Defenses1
9 total
» buildings
Altar of Kings1
Ziggurat6
Lumber Mill1
Farm3
War Mill1
Nerubian Tower2
Orc Burrow2
Barracks1
Scout Tower4
Watch Tower28
Guard Tower2
Moon Well2
Ancient of War1
Stronghold1
Fortress1
56 total
» build order
00:36 Altar of Kings
01:06 Ziggurat
01:06 Ziggurat
01:07 Ziggurat
01:18 Lumber Mill
01:21 Farm
01:22 Farm
01:23 Farm
01:36 War Mill
02:09 Nerubian Tower
02:12 Nerubian Tower
02:27 Orc Burrow
02:34 Ziggurat
02:35 Ziggurat
02:38 Ziggurat
03:12 Orc Burrow
03:15 Barracks
03:50 Scout Tower
03:52 Scout Tower
04:19 Watch Tower
04:20 Watch Tower
04:20 Watch Tower
04:21 Watch Tower
04:21 Watch Tower
04:21 Watch Tower
04:22 Watch Tower
04:22 Watch Tower
04:22 Watch Tower
04:22 Watch Tower
04:30 Guard Tower
05:09 Moon Well
05:09 Moon Well
05:42 Ancient of War
05:53 Watch Tower
05:54 Watch Tower
05:54 Watch Tower
05:57 Stronghold
06:09 Scout Tower
06:11 Scout Tower
06:57 Guard Tower
07:38 Watch Tower
07:39 Watch Tower
07:40 Watch Tower
07:41 Watch Tower
07:42 Watch Tower
07:44 Watch Tower
07:45 Watch Tower
07:45 Watch Tower
07:46 Watch Tower
07:47 Watch Tower
07:48 Watch Tower
07:49 Watch Tower
07:50 Watch Tower
07:51 Watch Tower
07:52 Watch Tower
10:30 Fortress
team 2
HumanICan'tMove! (blue | 45 APM | 810 actions | 17:58)
Hero icon 2 Goblin Tinker
Ability icon 1 Pocket Factory
Ability icon 1 Engineering Upgrade

» actions
Assign group hotkey15
Basic commands5
Build / train59
Enter build submenu33
Enter hero's abilities submenu2
Remove unit from queue9
Right click290
Select / deselect316
Select group hotkey37
Use ability44
810 total
» units
Peasant15
Siege Engine8
Dragonhawk Rider3
26 total
» upgrades
Masonry2
Lumber Harvesting2
Gunpowder3
Armor1
Plating3
Cloud1
12 total
» buildings
Lumber Mill2
Scout Tower8
Altar of Kings1
Farm7
Guard Tower4
Town Hall1
Keep1
Castle1
Blacksmith2
Workshop3
Gryphon Aviary1
Arcane Vault1
32 total
» build order
01:14 Lumber Mill
02:12 Scout Tower
02:14 Scout Tower
02:15 Scout Tower
02:54 Altar of Kings
03:33 Farm
04:23 Scout Tower
04:28 Farm
04:56 Scout Tower
05:19 Farm
05:25 Guard Tower
05:35 Guard Tower
05:37 Scout Tower
05:39 Scout Tower
05:59 Scout Tower
06:20 Town Hall
06:23 Guard Tower
06:44 Guard Tower
07:04 Keep
09:30 Castle
09:40 Blacksmith
09:41 Blacksmith
09:45 Farm
09:46 Farm
09:47 Farm
09:50 Farm
10:48 Workshop
10:49 Workshop
10:54 Workshop
12:49 Gryphon Aviary
14:02 Arcane Vault
14:34 Lumber Mill
» items
Boots of Speed1
Periapt of Vitality1
Staff of Teleportation1
3 total
Random» NightElfAdagiomang (green | 56 APM | 1001 actions | 17:57)
Hero icon 4 Demon Hunter
Ability icon 2 Mana Burn
Ability icon 2 Evasion
Hero icon 3 Goblin Tinker
Ability icon 2 Pocket Factory
Ability icon 1 Engineering Upgrade

» actions
Assign group hotkey14
Basic commands107
Build / train47
Enter build submenu10
Enter hero's abilities submenu7
Remove unit from queue1
Right click591
Select / deselect165
Select group hotkey34
Use ability25
1001 total
» units
Wisp10
Huntress7
Glaive Thrower11
28 total
» upgrades
Strength of the Wild2
Strength of the Moon2
Reinforced Hides1
Vorpal Blades1
6 total
» buildings
Altar of Elders1
Moon Well6
Hunter's Hall1
Ancient of War2
Tree of Ages2
12 total
» build order
00:10 Altar of Elders
00:18 Moon Well
01:35 Hunter's Hall
01:40 Ancient of War
02:00 Ancient of War
02:12 Moon Well
02:46 Moon Well
04:21 Moon Well
05:42 Tree of Ages
05:42 Tree of Ages
10:13 Moon Well
12:30 Moon Well
Random» NightElfkinglauzon22 (red | 41 APM | 740 actions | 17:57)
Hero icon 4 Keeper of the Grove
Ability icon 2 Force of Nature
Ability icon 2 Thorns Aura
Hero icon 2 Goblin Tinker
Ability icon 1 Pocket Factory
Ability icon 1 Engineering Upgrade

» actions
Assign group hotkey20
Build / train45
ESC pressed1
Enter build submenu16
Enter hero's abilities submenu6
Remove unit from queue4
Right click404
Select / deselect180
Select group hotkey35
Use ability29
740 total
» units
Wisp13
Archer7
Huntress-2
Glaive Thrower5
Chimaera5
28 total
» upgrades
Corrosive Breath1
1 total
» buildings
Moon Well6
Altar of Elders1
Ancient of War2
Ancient of Wonders1
Hunter's Hall1
Tree of Ages1
Tree of Eternity1
Ancient of Lore1
Ancient of Wind1
Chimaera Roost3
18 total
» build order
00:20 Moon Well
00:27 Altar of Elders
00:46 Ancient of War
01:25 Ancient of Wonders
01:42 Moon Well
02:53 Moon Well
03:54 Moon Well
04:41 Hunter's Hall
04:45 Ancient of War
07:10 Tree of Ages
10:06 Tree of Eternity
10:27 Ancient of Lore
10:36 Ancient of Wind
12:59 Chimaera Roost
13:03 Chimaera Roost
14:35 Chimaera Roost
14:46 Moon Well
16:20 Moon Well
» items
Lesser Clarity Potion2
2 total
OrcAviate88 (pink | 23 APM | 408 actions | 17:57)
Hero icon 6 Tauren Chieftain
Ability icon 2 War Stomp
Ability icon 3 Endurance Aura
Ability icon 1 Reincarnation

» actions
Basic commands4
Build / train44
Enter build submenu22
Enter hero's abilities submenu6
Right click179
Select / deselect113
Use ability40
408 total
» units
Peon11
Wind Rider12
23 total
» upgrades
Ranged Weapons3
Spiked Barricades1
Armor3
Envenomed Spears1
Shaman Training2
10 total
» buildings
Orc Burrow6
Altar of Storms1
War Mill1
Watch Tower5
Stronghold1
Voodoo Lounge1
Beastiary2
Fortress1
Barracks1
Spirit Lodge1
Great Hall1
21 total
» build order
00:46 Orc Burrow
00:51 Altar of Storms
00:58 War Mill
02:11 Orc Burrow
02:28 Watch Tower
04:03 Watch Tower
04:51 Stronghold
04:57 Voodoo Lounge
05:02 Orc Burrow
05:11 Watch Tower
06:49 Watch Tower
07:04 Orc Burrow
07:14 Beastiary
07:19 Beastiary
08:24 Watch Tower
08:40 Fortress
09:44 Orc Burrow
10:52 Orc Burrow
11:47 Barracks
14:07 Spirit Lodge
16:18 Great Hall
» items
Healing Salve1
Lesser Clarity Potion1
2 total

Chat log

(00:49 / All) Adagiomang: gg :(
(00:54 / Allies) Adagiomang: rushhh it
(01:10 / All) ICan'tMove!: All fear my great and glorious name! All fear the might of my arm!
(01:19 / All) Adagiomang: i scurrred

(02:36 / All) ICan'tMove!: You will rue the day you defied me!
(02:41 / All) ss-hitl3r: LOL
(02:44 / All) ss-hitl3r: RUE THE DAY
(02:53 / All) ss-hitl3r: have you watched whitest kids u know

(04:50 / All) ICan'tMove!: Leave, newbie! YOu cannot withstand the onslaught of our mighty forces!
(05:26 / All) ss-hitl3r: i am getting low on personnel

(07:30 / All) ICan'tMove!: None can stand before the awesome mighty of our vast horde! You dare defy, you will pay!
(07:32 / All) Aviate88: purp is fucked

(09:05 / All) ICan'tMove!: Your tricks will not fool a mind as great as mine!

(10:40 / All) ss-hitl3r: u took my world from me
(10:46 / All) Adagiomang: sry dude
(10:53 / Allies) Adagiomang: is it fun to play 1v4?
(11:41 / All) ICan'tMove!: Now I call forth my slave workers to build great contraptions, engines of steam that cannot be defeated!
(11:52 / Allies) ICan'tMove!: With shells mightier than a million turtles!

(13:01 / Allies) Adagiomang: tankies on da way

(16:27 / Allies) Aviate88: niceee
(16:30 / Allies) Aviate88: take those tanks in
(16:33 / Allies) Aviate88: i follow
(16:52 / Allies) Adagiomang: time to chargeeee
(17:28 / All) ss-hitl3r: oh youre here now
(17:38 / All) Adagiomang: is it fun to play 1v4?